 Dungeon Crawl Stone Soup version 0.17-a0-1920-gafa4d75 (webtiles) character file.

549714 4thArraOfDagon the Unseen (level 23, -14/210 HPs)
             Began as a High Elf Berserker on Sept 27, 2015.
             Was the Champion of Cheibriados.
             Demolished by a reaper
             ... wielding a +2 scythe of venom
             ... summoned by a mummy priest's death curse
              (30 damage)
             ... on level 2 of the Tomb of the Ancients.
             The game lasted 02:52:14 (24042 turns).

4thArraOfDagon the Unseen (High Elf Berserker)     Turns: 24042, Time: 02:52:14

Health: -14/210    AC: 30    Str: 33      XL:     23   Next: 90%
Magic:  48/51      EV: 39    Int: 38      God:    Cheibriados [******]
Gold:   2183       SH:  7    Dex: 30 (34) Spells: 8 memorised, 17 levels left

rFire  + . .     SeeInvis +     u - +8 demon trident (venom)
rCold  + . .     Rnd*Rage +     (armour currently unavailable)
rNeg   + + .     SustAt   .     Y - +0 buckler of Filth {rF+ Int+3}
rPois  ∞         Gourm    .     W - +3 hat of Pondering {ponderous, MR+ MP+10 Int+5}
rElec  +         Spirit   .     P - +2 cloak {MR+}
rCorr  .         Warding  .     (gloves currently unavailable)
rMut   .         Stasis   .     (boots currently unavailable)
MR     ++++.                    t - amulet of regeneration
Stlth  +++++++++.               X - ring of Shadows {Umbra +Inv rN+ SInv}
                                L - ring of Juf Cein {rPois EV+5}

@: statue-form, regenerating (expiring), wreathed by umbra, drained, very slow,
incredibly resistant to hostile enchantments, incredibly stealthy
A: horns 1, talons 1, agile 1, berserk 1, cold resistance 1, dopey 2,
regeneration 1, screaming 1, (shaggy fur 0), spit poison 1
a: Spit Poison, End Transformation, Bend Time, Temporal Distortion, Slouch, Step
From Time, Renounce Religion, Evoke Invisibility
}: 5/15 runes: barnacled, slimy, silver, abyssal, gossamer


You were on level 2 of the Tomb of the Ancients.
You worshipped Cheibriados.
Cheibriados was exalted by your worship.
You were not hungry.
You were a stone statue.
You visited 11 branches of the dungeon, and saw 55 of its levels.
You visited the Abyss 2 times.
You visited 1 bazaar.
You also visited: Labyrinth, Sewer, Ossuary and Ice Cave.

You collected 5056 gold pieces.
You spent 2873 gold pieces at shops.

Inventory:

Hand weapons
 u - a +8 demon trident of venom (weapon)
 E - the +10 trident of Disorder {drain, rC+ Int+4}
   (You took it off a deep elf demonologist on level 3 of the Elven Halls)

   A truly terrible weapon, it drains the life of those it strikes.
   It affects your intelligence (+4).
   It protects you from cold.
Missiles
 S - 5 throwing nets (quivered)
Armour
 p - the +5 ring mail of True Grit (melded) {+Inv Regen+ Dex+4}
   (You found it on level 4 of the Dungeon)

   It affects your dexterity (+4).
   It lets you turn invisible.
   It increases your rate of regeneration.
 F - the +0 pair of gloves of Fecedgh (melded) {rN+}
   (You found it on level 6 of the Pits of Slime)

   It protects you from negative energy.
 M - the +0 pair of boots "Foomiakk" (melded) {rCorr Dex+7}
   (You found it on level 10 of the Dungeon)

   It affects your dexterity (+7).
   It protects you from acid and corrosion.
 P - a +2 cloak of magic resistance (worn)
 W - the +3 hat of Pondering (worn) {ponderous, MR+ MP+10 Int+5}
   (You found it on level 3 of the Elven Halls)

   It affects your intelligence (+5).
   It affects your resistance to hostile enchantments.
   It affects your magic capacity (+10).
 Y - the +0 buckler of Filth (worn) {rF+ Int+3}
   (You bought it in a shop on level 4 of the Orcish Mines)

   It affects your intelligence (+3).
   It protects you from fire.
Magical staves
 b - an uncursed staff of wizardry {!a}
Rods
 i - a +5 rod of clouds (13/13)
   (You found it on level 6 of the Pits of Slime)
Jewellery
 t - an amulet of regeneration (around neck)
 G - an uncursed amulet of resist mutation
 H - an uncursed ring of protection from fire
 K - the amulet of Ivarhesm {Gourm rPois SInv}
   (You took it off a vault sentinel on level 5 of the Vaults)

   [amulet of the gourmand]

   It allows you to eat raw meat even when not hungry.
   It protects you from poison.
   It lets you see invisible.
 L - the ring of Juf Cein (left hand) {rPois EV+5}
   (You took it off a deep elf high priest on level 3 of the Elven Halls)

   [ring of evasion]

   It affects your evasion (+5).
   It protects you from poison.
 V - an uncursed amulet of resist corrosion
 X - the ring of Shadows (right hand) {Umbra +Inv rN+ SInv}
   (You found it on level 15 of the Dungeon)

   [ring of invisibility]

   It protects you from negative energy.
   It lets you see invisible.
   It lets you turn invisible.
Magical devices
 d - a wand of heal wounds (3)
 w - a wand of teleportation (4)
 J - a wand of fire (2)
 R - a wand of draining (2)
 Z - a wand of disintegration (6)
Scrolls
 j - 4 scrolls of blinking
 k - 2 scrolls of silence
 n - 2 scrolls of recharging
 o - 4 scrolls of immolation
 q - a scroll of identify
 x - a scroll of summoning
 A - 4 scrolls of magic mapping
 O - 4 scrolls of fog
 U - 7 scrolls of remove curse
Potions
 e - 5 potions of might
 f - 9 potions of curing
 g - 4 potions of invisibility
 h - 7 potions of ambrosia
 l - 7 potions of brilliance
 s - 5 potions of heal wounds
 z - 2 potions of agility
 B - a potion of cure mutation
 C - 7 potions of lignification
 I - a potion of resistance
 N - a potion of cancellation
 Q - 3 potions of magic
Miscellaneous
 a - a box of beasts {used: 1}
 v - a lamp of fire
 y - a fan of gales
 D - an ornate deck of destruction {Degeneration}
 T - a phial of floods
Comestibles
 c - 16 bread rations
 r - 18 meat rations


   Skills:
 * Level 15.0(14.4) Fighting
   Level 8.3(11.2) Axes
 - Level 13.2(13.4) Polearms
 - Level 11.3(10.7) Armour
 + Level 19.3(18.7) Dodging
 - Level 20.0(19.3) Stealth
 - Level 6.0(5.5) Shields
 - Level 13.2(12.6) Spellcasting
 - Level 2.1(1.7) Charms
 - Level 2.0(1.6) Necromancy
 - Level 2.6(2.2) Translocations
 - Level 10.0(9.4) Transmutations
 - Level 7.4(6.9) Earth Magic
 + Level 15.9(15.3) Invocations
 - Level 7.0(6.5) Evocations


You had 17 spell levels left.
You knew the following spells:

 Your Spells              Type           Power        Failure   Level  Hunger
a - Apportation           Tloc           #####.....   1%          1    None
b - Statue Form           Trmt/Erth      ######...    12%         6    ###....
c - Stoneskin             Trmt/Erth      ######..     1%          2    None
d - Regeneration          Chrm/Necr      #####.....   2%          3    None
e - Spectral Weapon       Hex/Chrm       ####....     3%          3    None
f - Conjure Flame         Conj/Fire      ###.....     6%          3    None
g - Phase Shift           Tloc           #####.....   21%         5    None
h - Death's Door          Chrm/Necr      #####.....   100%        8    ######.


Dungeon Overview and Level Annotations

Branches:
Dungeon (15/15)            Temple (1/1) D:7            Lair (8/8) D:8
 Shoals (4/4) Lair:5       Spider (4/4) Lair:5        Slime (6/6) Lair:7
    Orc (4/4) D:11            Elf (3/3) Orc:4        Vaults (5/5) D:14
  Crypt (3/3) Vaults:3       Tomb (2/3) Crypt:3
 Depths: D:15

Altars:
Cheibriados
Dithmenos
Fedhas
Gozag
Makhleb
Okawaru
Qazlal
Sif Muna
Trog
Yredelemnul
Zin
The Shining One
Beogh
Jiyva

Shops:
D:9 [   Orc:4 *[:   Elf:1 ?   Shoals:2 :   Shoals:4 =(   Vaults:3 [
Vaults:4 !

Annotations:
D:13 Anothat's ghost, powerful VSMo
Lair:5 exclusion: oklob plant
Elf:2 3 runed doors


Innate Abilities, Weirdness & Mutations

You have a pair of small horns on your head.
You have sharp toenails.
You are agile. (Dex +2)
You tend to lose your temper in combat.
Your flesh is cold resistant.
You are very dopey. (Int -4)
Your natural rate of healing is unusually fast.
You occasionally shout uncontrollably at your foes.
((You are covered in fur (AC +1).))
You can spit weak poison.


Message History

The reaper is lightly wounded.
The mummy priest completely misses you.
Unknown command.
Unknown command.
You completely miss the reaper. You claw the reaper, but do no damage.
You headbutt the reaper, but do no damage.
The reaper is lightly wounded.
The shadow wraith completely misses you.
The freezing wraith completely misses you.
The freezing wraith closely misses you.
A bolt hits the vampire!
The reaper hits you but does no damage. The mummy priest completely misses you.
A guardian mummy comes into view.
You completely miss the reaper. You claw the reaper, but do no damage.
The reaper is lightly wounded.
The shadow wraith hits you!
* * * LOW HITPOINT WARNING * * *
The freezing wraith completely misses you.
The freezing wraith closely misses you. The flayed ghost completely misses you.
The reaper hits you with a scythe of venom!!
You die...

..........###./#....#
.............M.#....#
.....(.........#....#
.......$.......#^..
################'####
#.MZ...M^^..#
#.....^#zV..#
..'M.....#MW..#
..#......#82..#
#.....(#WW..#
#############


You could see a reaper, a mummy priest, a flayed ghost, a shadow wraith
(invisible), a guardian mummy, a freezing wraith, a vampire and a flying skull.

Vanquished Creatures
  the royal jelly (Slime:6)
  2 ancient liches
  Khufu (Crypt:2)
  Mennas (Crypt:2)
  6 greater mummies
  Frederick (Tomb:2)
  2 golden dragons (Vaults:5)
  The ghost of ololoev the Severer, a mighty DDGl of Makhleb (Tomb:1)
  Nikola (Spider:2)
  2 liches
  A tentacled monstrosity (Vaults:5)
  3 titans (Vaults:5)
  Asterion (Vaults:1)
  3 deep elf master archers (Elf:3)
  An Executioner (Abyss:1)
  12 acid blobs
  2 deep elf blademasters (Elf:3)
  A kraken (Shoals:4)
  A quicksilver dragon (Vaults:5)
  6 sphinxes
  An ancient champion (Tomb:1)
  2 tentacled starspawn (Abyss:1)
  3 shadow dragons (Vaults:5)
  5 tengu reavers (Vaults:5)
  4 storm dragons (Vaults:5)
  3 revenants
  Ilsuiw (Shoals:4)
  9 azure jellies
  3 fire giants (Vaults:5)
  Maud (D:11)
  An iron dragon (Vaults:4)
  7 deep elf sorcerers
  Aizul (Spider:4)
  8 vault wardens
  5 emperor scorpions (Spider:4)
  5 curse skulls
  2 frost giants
  4 ghost moths (Spider:4)
  5 ghouls
  2 war gargoyles (Vaults:5)
  8 stone giants (Vaults:5)
  13 ironheart preservers
  2 vampire knights
  11 deep elf demonologists
  2 reapers (Crypt:3)
  12 deep elf annihilators
  A salamander stormcaller (Vaults:4)
  6 ettins (Vaults:5)
  The ghost of 4thArraOfDagon the Slicer, a powerful HaAs of Okawaru (Orc:4)
  3 merfolk javelineers
  11 deep elf death magi
  10 merfolk impalers
  6 jiangshi
  The ghost of Pikaro the Brawler, a powerful DrTm of Xom (Lair:1)
  28 vault guards
  A minotaur (Lab)
  3 death oozes (Slime:6)
  12 mummy priests
  9 yaktaur captains
  10 deep elf high priests
  3 great orbs of eyes
  A fire dragon (shapeshifter) (Vaults:5)
  An ice dragon (Vaults:1)
  2 entropy weavers (Spider:2)
  7 centaur warriors
  3 merfolk avatars (Shoals:4)
  8 hydras
  2 deep troll shamans
  10 death yaks
  3 dancing weapons
  5 merfolk aquamancers (Shoals:4)
  7 ogre magi
  A death knight (Crypt:2)
  3 deep troll earth magi
  An orc high priest (Orc:4)
  3 satyrs
  2 soul eaters
  A vampire mage (Crypt:3)
  Nergalle (Orc:4)
  13 deep elf knights
  A shadow wraith (Crypt:3)
  5 small abominations
  3 iron trolls
  An ice devil (IceCv)
  13 skeletal warriors
  9 spatial maelstroms (Abyss:4)
  2 unseen horrors
  14 deep trolls
  6 large abominations
  10 deep elf summoners
  3 ice statues (IceCv)
  8 orc knights
  5 hill giants
  5 phantasmal warriors
  Pikel (D:6)
  A flayed ghost (Crypt:2)
  12 sea snakes
  15 deep elf conjurers
  A death drake (Abyss:4)
  6 harpies
  5 anubis guards
  7 orb spiders
  8 ironbrand convokers
  3 necromancers
  2 hornets
  8 manticores
  An orc sorcerer (Vaults:3)
  22 wolf spiders
  A wolf spider zombie (D:15)
  5 cyclopes
  A fire giant zombie (Crypt:3)
  13 ugly things
  9 griffons
  4 shining eyes
  8 fauns
  2 moths of wrath (Spider:3)
  2 water nymphs
  An iron dragon skeleton (Tomb:1)
  13 vault sentinels
  7 sirens
  A stone giant skeleton (Crypt:3)
  3 centaur skeletons
  3 black mambas
  3 elephants (Lair:7)
  A smoke demon (Abyss:4)
  11 spiny frogs
  A black draconian zombie (Crypt:3)
  A kobold demonologist (D:14)
  13 komodo dragons
  An efreet (Abyss:4)
  3 demonic crawlers
  26 yaktaurs
  A tengu conjurer (D:13)
  2 freezing wraiths (Vaults:3)
  A red draconian skeleton (Crypt:1)
  A fire drake (Lair:7)
  7 deep elf priests
  17 jumping spiders
  14 guardian mummies
  A white draconian skeleton (Crypt:3)
  8 blue devils (IceCv)
  An ancient zyme (Abyss:4)
  10 trolls
  2 spriggan druids (Lair:8)
  A black draconian skeleton (Crypt:1)
  2 wind drakes (Shoals:4)
  25 merfolk
  11 polar bears
  2 raiju (Abyss:4)
  A snapping turtle (Shoals:2)
  8 trapdoor spiders
  A boulder beetle (Lair:6)
  An ettin zombie (Crypt:1)
  A griffon zombie (Shoals:1)
  14 ushabtiu
  47 slime creatures
  11 two-headed ogres
  2 shadows
  12 blink frogs
  5 water elementals
  29 redbacks
  10 spriggans
  5 centaur simulacra
  A spriggan (shapeshifter) (Vaults:3)
  12 tarantellas
  3 wraiths
  15 deep elf magi
  A human (shapeshifter) (Vaults:2)
  2 wyverns
  A vampire (Crypt:1)
  3 hungry ghosts
  16 deep elf fighters
  A neqoxec (Abyss:4)
  10 hippogriffs
  A fire bat (Abyss:1)
  2 golden eyes (Slime:4)
  A basilisk (Lair:7)
  A chaos spawn (Abyss:1)
  3 wargs
  12 vampire mosquitoes (Vaults:1)
  55 yaks
  25 wolves
  A merfolk zombie (Crypt:1)
  10 water moccasins
  A water nymph skeleton (Crypt:3)
  20 black bears
  5 wasps
  9 porcupines
  A putrid demonspawn skeleton (Crypt:3)
  11 spiders
  3 eyes of draining
  31 orc warriors
  2 necrophages (Crypt:2)
  3 phantoms (D:11)
  16 centaurs
  8 ice beasts (Lair:1)
  An elephant skeleton (Crypt:3)
  A slave (D:6)
  35 ogres
  A centaur (shapeshifter) (Vaults:4)
  A yaktaur zombie (Crypt:1)
  4 big kobolds
  A hog skeleton (Crypt:3)
  6 giant frogs
  A vine stalker zombie (Crypt:3)
  12 crocodiles
  3 elf zombies (Ossuary)
  A wyvern zombie (D:13)
  4 killer bees (D:10)
  2 scorpions
  2 electric eels
  12 wights
  A spriggan skeleton (Crypt:2)
  29 orc wizards
  A human simulacrum (Vaults:3)
  A wasp zombie (D:11)
  3 draconian simulacra (IceCv)
  A human zombie (Ossuary)
  2 iron imps (Abyss:1)
  A crimson imp (D:12)
  27 jellies
  A spriggan simulacrum (IceCv)
  A giant frog skeleton (D:10)
  A human skeleton (Crypt:1)
  17 orc priests
  3 hounds
  2 worker ants
  6 iguanas
  2 troll simulacra (IceCv)
  A black bear skeleton (Crypt:3)
  39 sheep
  A big kobold zombie (Ossuary)
  A killer bee zombie (D:11)
  A porcupine skeleton (Crypt:2)
  6 ogre zombies (D:11)
  A felid skeleton (Crypt:2)
  An ogre skeleton (Crypt:1)
  A hound skeleton (D:3)
  A hound zombie (Ossuary)
  29 mummies
  47 river rats
  6 adders
  2 shadow imps (D:10)
  4 gnolls (D:7)
  An ogre simulacrum (IceCv)
  15 oozes
  An iguana zombie (Crypt:1)
  A lava snake skeleton (Crypt:2)
  3 worms (Sewer)
  129 orcs
  A ball python (D:6)
  2 bats (D:1)
  A bat zombie (Shoals:1)
  5 giant cockroaches
  A goblin (D:3)
  3 hobgoblins
  2 jackals (D:4)
  A quokka (D:3)
  A giant gecko (D:6)
  3 giant newts
  A goblin skeleton (D:11)
  3 goblin zombies
  A hobgoblin skeleton (D:11)
  3 hobgoblin zombies
  2 jackal skeletons
  14 kobolds
  4 orc skeletons (D:11)
  9 orc zombies
  2 quokka zombies
  9 rats
  2 rat zombies (Ossuary)
  5 crawling corpses
  3 fire vortices (Vaults:4)
  2 fungi
  2 plants
  2 tentacles (Shoals:4)
1758 creatures vanquished.

Vanquished Creatures (collateral kills)
  A deep elf blademaster (Elf:3)
  An orc warlord (Orc:4)
  The ghost of 4thArraOfDagon the Transmogrifier, a powerful CeAE of Ru (Elf:1)
  A deep elf knight (Elf:1)
  An orc knight (Orc:4)
  An orc sorcerer (Orc:4)
  3 deep elf fighters (Elf:1)
  An orc warrior (Orc:4)
  5 orc priests (Orc:4)
  2 orc wizards (Orc:4)
  6 orcs (Orc:4)
23 creatures vanquished.

Vanquished Creatures (others)
  2 eldritch tentacles (Vaults:5)
  A sphinx (Tomb:1)
  A frost giant (Vaults:5)
  A war gargoyle (Vaults:5)
  A vault guard (Vaults:4)
  A deep elf knight (Elf:1)
  4 death scarabs (Tomb:2)
  A sea snake (Shoals:1)
  A deep elf summoner (Vaults:1)
  An orb spider (Spider:2)
  A vault sentinel (Vaults:4)
  A guardian mummy (Tomb:2)
  A merfolk (Shoals:3)
  A jumping spider (Spider:2)
  A deep elf mage (Elf:1)
  A tarantella (Spider:2)
  6 flying skulls (Tomb:2)
  A deep elf fighter (Elf:2)
  5 ogres
  A giant newt (D:7)
  109 eldritch tentacle segments (Vaults:5)
  30 fungi
  2 lost souls (Crypt:3)
  27 plants
  9 starspawn tentacles (Abyss:1)
  60 starspawn tentacle segments (Abyss:1)
  6 tentacles (Shoals:4)
  450 tentacle segments (Shoals:4)
726 creatures vanquished.

Grand Total: 2507 creatures vanquished

Notes
Turn   | Place    | Note
--------------------------------------------------------------
     0 | D:1      | 4thArraOfDagon the High Elf Berserker began the quest for the Orb.
     0 | D:1      | Reached XP level 1. HP: 16/16 MP: 2/2
   235 | D:2      | Reached XP level 2. HP: 21/21 MP: 3/3
   414 | D:3      | Reached XP level 3. HP: 26/26 MP: 4/4
   534 | D:4      | Acquired Trog's second power
   541 | D:4      | Got a transparent ring mail
   552 | D:4      | Identified the +5 ring mail of True Grit {+Inv Regen+ Dex+4} (You found it on level 4 of the Dungeon)
   689 | D:5      | Entered Level 5 of the Dungeon
   710 | D:5      | Reached XP level 4. HP: 33/33 MP: 5/5
   841 | D:6      | Found a glowing golden altar of the Shining One.
   867 | D:6      | Found a sand-covered staircase.
   872 | Ossuary  | Entered an ossuary
   887 | Ossuary  | Reached skill level 1 in Evocations
   892 | Ossuary  | Reached skill level 4 in Fighting
   892 | Ossuary  | Reached XP level 5. HP: 30/37 MP: 5/7
   894 | Ossuary  | Reached XP level 6. HP: 34/44 MP: 5/8
  1091 | D:6      | Found a glowing drain.
  1113 | Sewer    | Entered a sewer
  1332 | Sewer    | Reached XP level 7. HP: 45/49 MP: 9/9
  1467 | D:6      | Found a basalt altar of Yredelemnul.
  1543 | D:6      | Noticed a slime creature
  1553 | D:6      | Reached skill level 5 in Axes
  1555 | D:6      | Killed a slime creature
  1555 | D:6      | Reached skill level 5 in Fighting
  1657 | D:4      | Gained mutation: You are frail (-10% HP). [potion of mutation]
  1657 | D:4      | Gained mutation: You have a pair of small horns on your head. [potion of mutation]
  1657 | D:4      | Gained mutation: Your natural rate of healing is unusually fast. [potion of mutation]
  1658 | D:4      | Gained mutation: You are covered in fur (AC +1). [potion of mutation]
  1658 | D:4      | Gained mutation: Your flesh is cold resistant. [potion of mutation]
  1658 | D:4      | Gained mutation: You are dopey. (Int -2) [potion of mutation]
  1809 | D:6      | Reached XP level 8. HP: 49/49 MP: 11/11
  1838 | D:7      | Noticed Pikel
  1843 | D:7      | Paralysed by Pikel for 6 turns
  1862 | D:6      | Killed Pikel
  1862 | D:6      | Reached skill level 6 in Axes
  1916 | D:7      | Found a staircase to the Ecumenical Temple.
  2219 | D:8      | Found a shadowy altar of Dithmenos.
  2243 | D:8      | Reached skill level 7 in Axes
  2243 | D:8      | Reached XP level 9. HP: 55/55 MP: 13/13
  2376 | D:8      | Found a staircase to the Lair.
  2400 | D:8      | Got a fine whip
  2401 | D:8      | Identified the +3 whip of Sudden Death {freeze, rF+ Int+3} (You found it on level 8 of the Dungeon)
  2459 | D:8      | Got an ichor-stained leather armour
  2506 | D:8      | Reached skill level 5 in Armour
  2524 | D:8      | Identified the Grimoire of Nocuous Combat Magic
  2764 | D:9      | Found Olug's Antique Armour Boutique.
  2770 | D:9      | Bought an embroidered cloak for 144 gold pieces
  2828 | D:9      | Acquired Trog's third power
  2880 | D:9      | Reached skill level 5 in Evocations
  2964 | D:10     | Entered Level 10 of the Dungeon
  3032 | D:10     | Got a pair of faintly glowing boots
  3038 | D:10     | Identified the +0 pair of boots "Foomiakk" {rCorr Dex+7} (You found it on level 10 of the Dungeon)
  3149 | D:10     | Noticed a five-headed hydra
  3162 | D:10     | Noticed a hill giant
  3193 | D:10     | Killed a hill giant
  3317 | D:11     | Noticed an orc knight
  3326 | D:10     | Reached skill level 8 in Axes
  3436 | D:11     | Noticed a cyclops
  3444 | D:11     | Killed a cyclops
  3444 | D:11     | Reached XP level 10. HP: 63/63 MP: 13/15
  3453 | D:11     | Noticed Maud
  3628 | D:11     | Killed an unseen horror
  3637 | D:11     | Killed Maud
  3637 | D:11     | Reached skill level 5 in Dodging
  3763 | D:11     | Noticed a cyclops
  3775 | D:11     | Killed a cyclops
  3775 | D:11     | Reached skill level 1 in Polearms
  3794 | D:11     | Noticed a white ugly thing
  3960 | D:12     | Killed an unseen horror
  3960 | D:12     | Reached XP level 11. HP: 56/70 MP: 17/17
  4104 | D:12     | Noticed a hill giant
  4116 | D:12     | Killed a hill giant
  4170 | D:12     | Noticed a centaur warrior
  4184 | D:12     | Killed a centaur warrior
  4217 | D:11     | Noticed a hill giant
  4235 | D:11     | Killed a hill giant
  4355 | D:13     | Noticed Anothat's ghost (powerful VSMo)
  4537 | D:13     | Got a dazzling buckler
  4543 | D:13     | Identified the +3 buckler "Mohe" {+Blink +Fly Int+3 Dex-2} (You found it on level 13 of the Dungeon)
  4601 | D:14     | Reached skill level 1 in Shields
  4734 | D:14     | Gained mutation: Your magical capacity is low (-10% MP). [mutagenic meat]
  4735 | D:14     | Lost mutation: Your magical capacity is low (-10% MP). [mutagenic meat]
  4736 | D:14     | Gained mutation: You are agile. (Dex +2) [mutagenic meat]
  4737 | D:14     | Gained mutation: You have sharp toenails. [mutagenic meat]
  4834 | D:13     | You fall through a shaft for 2 floors!
  4834 | D:15     | Entered Level 15 of the Dungeon
  4866 | D:15     | Reached skill level 9 in Fighting
  5096 | D:15     | Noticed a hill giant
  5116 | D:15     | Killed a hill giant
  5133 | D:15     | Noticed a skeletal warrior
  5145 | D:15     | Noticed a skeletal warrior
  5150 | D:15     | Noticed a skeletal warrior
  5178 | D:15     | Killed a skeletal warrior
  5178 | D:15     | Reached skill level 5 in Polearms
  5178 | D:15     | Reached XP level 12. HP: 76/76 MP: 18/18
  5239 | D:15     | Noticed an ice dragon
  5317 | D:15     | Noticed a hill giant
  5324 | D:15     | Killed a hill giant
  5478 | D:13     | Noticed a centaur warrior
  5487 | D:13     | Killed a centaur warrior
  5612 | D:12     | Noticed a cyclops
  5624 | D:12     | Killed a cyclops
  5707 | D:11     | Found a staircase to the Orcish Mines.
  5871 | Orc:1    | Entered Level 1 of the Orcish Mines
  6064 | Orc:2    | Received a gift from Trog
  6066 | Orc:2    | Reached skill level 5 in Shields
  6500 | Orc:4    | Entered Level 4 of the Orcish Mines
  6502 | Orc:4    | Noticed 4thArraOfDagon's ghost (powerful HaAs)
  6517 | Orc:4    | Killed 4thArraOfDagon's ghost
  6573 | Orc:4    | Received a gift from Trog
  6628 | Orc:4    | Found a staircase to the Elven Halls.
  6671 | Orc:4    | Got a shimmering rapier
  6762 | Orc:4    | Noticed Nergalle
  6825 | Orc:4    | Killed Nergalle
  6825 | Orc:4    | Reached skill level 10 in Dodging
  6958 | Orc:4    | Found a roughly hewn altar of Beogh.
  6962 | Orc:4    | Noticed an orc warlord
  6984 | Orc:4    | Received a gift from Trog
  6993 | Orc:4    | Killed an orc warlord
  6993 | Orc:4    | Reached XP level 13. HP: 82/82 MP: 19/19
  7065 | Orc:4    | Found Misag's Antique Weapon Emporium.
  7096 | Orc:4    | Found Wueppes's Book Emporium.
  7127 | Orc:4    | Found Uxkittiz's Antique Armour Emporium.
  7134 | Orc:4    | Bought a shimmering buckler for 266 gold pieces
  7144 | Orc:4    | Found Letrujux's General Store.
  7150 | Orc:4    | Bought a potion of heal wounds for 60 gold pieces
  7150 | Orc:4    | Bought a potion of heal wounds for 60 gold pieces
  7150 | Orc:4    | Bought 2 scrolls of identify for 48 gold pieces
  7150 | Orc:4    | Bought a scroll of identify for 24 gold pieces
  7163 | Orc:4    | Identified the cursed +0 buckler of Filth {rF+ Int+3} (You bought it in a shop on level 4 of the Orcish Mines)
  7432 | Elf:1    | Entered Level 1 of the Elven Halls
  7446 | Elf:1    | Reached skill level 10 in Fighting
  7492 | Elf:1    | Noticed 4thArraOfDagon's ghost (powerful CeAE)
  7509 | Elf:1    | Killed 4thArraOfDagon's ghost
  7692 | Elf:2    | Noticed a deep elf demonologist
  7696 | Elf:2    | Noticed a lorocyproca
  7702 | Elf:2    | Noticed a Brimstone Fiend
  7704 | Elf:2    | Killed a deep elf demonologist
  7783 | Elf:2    | Found a flickering gateway to a bazaar.
  7811 | Bazaar   | Entered a bazaar
  7825 | Bazaar   | Found Gaulodoh's Antique Weapon Emporium.
  7825 | Bazaar   | Found Ighumaog's Antique Weapon Shoppe.
  7846 | Bazaar   | Found Ippuigh's Gadget Shoppe.
  7861 | Bazaar   | Found Meomen's Weapon Emporium.
  7861 | Bazaar   | Found Doent's Antique Armour Shoppe.
  7883 | Bazaar   | Found Sainnyb's Gadget Emporium.
  7887 | Bazaar   | Bought a wand of teleportation (5) for 432 gold pieces
  7914 | Bazaar   | Bought a bloodstained chain mail for 237 gold pieces
  7914 | Bazaar   | Bought a distressingly furry robe for 142 gold pieces
  7916 | Bazaar   | Identified the cursed +1 chain mail of Pytimn {rPois rF+ rCorr} (You bought it in a shop in a bazaar)
  8022 | Elf:2    | Found a huge runed gate.
  8022 | Elf:2    | Found a huge runed gate.
  8022 | Elf:2    | Found a huge runed gate.
  8051 | Elf:2    | Reached skill level 11 in Dodging
  8158 | Elf:3    | Entered Level 3 of the Elven Halls
  8359 | Elf:3    | Received a gift from Trog
  8548 | Elf:3    | Noticed a deep elf annihilator
  8560 | Elf:3    | Killed a deep elf annihilator
  8589 | Elf:3    | Noticed a deep elf annihilator
  8620 | Elf:3    | Killed a deep elf annihilator
  8623 | Elf:3    | Noticed a deep elf blademaster
  8631 | Elf:3    | Killed a deep elf blademaster
  8693 | Elf:3    | Noticed a deep elf demonologist
  8712 | Elf:3    | Killed a deep elf demonologist
  8769 | Elf:3    | Noticed a deep elf demonologist
  8799 | Elf:3    | Killed a deep elf demonologist
  8804 | Elf:3    | Got a translucent trident {drain}
  8805 | Elf:3    | Identified the +10 trident of Disorder {drain, rC+ Int+4} (You took it off a deep elf demonologist on level 3 of the Elven Halls)
  8816 | Elf:3    | Noticed a deep elf demonologist
  8859 | Elf:3    | Noticed a deep elf annihilator
  9015 | Elf:3    | Killed a deep elf annihilator
  9025 | Elf:3    | Noticed a deep elf sorcerer
  9048 | Elf:3    | Killed a deep elf demonologist
  9048 | Elf:3    | Reached XP level 14. HP: 86/89 MP: 20/20
  9092 | Elf:3    | Killed a deep elf sorcerer
  9177 | Elf:3    | Noticed a deep elf demonologist
  9204 | Elf:3    | Killed a deep elf demonologist
  9229 | Elf:3    | Noticed a deep elf annihilator
  9269 | Elf:3    | Noticed a deep elf sorcerer
  9298 | Elf:3    | Killed a deep elf sorcerer
  9311 | Elf:3    | Noticed a deep elf annihilator
  9338 | Elf:3    | Killed a deep elf annihilator
  9355 | Elf:3    | Noticed a deep elf annihilator
  9382 | Elf:3    | Noticed a deep elf annihilator
  9382 | Elf:3    | Noticed a deep elf master archer
  9413 | Elf:3    | Noticed a deep elf sorcerer
  9430 | Elf:3    | Killed a deep elf sorcerer
  9540 | Elf:3    | Noticed a deep elf annihilator
  9550 | Elf:3    | Killed a deep elf annihilator
  9550 | Elf:3    | Reached skill level 10 in Armour
  9557 | Elf:3    | Killed a deep elf annihilator
  9571 | Elf:3    | Noticed a deep elf sorcerer
  9603 | Elf:3    | Killed a deep elf sorcerer
  9603 | Elf:3    | Reached skill level 10 in Polearms
  9603 | Elf:3    | Reached skill level 12 in Dodging
  9724 | Elf:3    | Noticed a deep elf blademaster
  9741 | Elf:3    | Killed a deep elf blademaster
  9799 | Elf:3    | Noticed a deep elf annihilator
  9839 | Elf:3    | Killed a deep elf annihilator
  9908 | Elf:3    | Noticed a deep elf annihilator
  9917 | Elf:3    | Noticed a deep elf blademaster
 10075 | Elf:3    | Killed a deep elf annihilator
 10103 | Elf:3    | Noticed a deep elf master archer
 10163 | Elf:3    | Killed a deep elf master archer
 10175 | Elf:3    | Noticed a deep elf master archer
 10197 | Elf:3    | Killed a deep elf annihilator
 10220 | Elf:3    | Killed a deep elf master archer
 10232 | Elf:3    | Got a glittering iron ring
 10257 | Elf:3    | Identified the ring of Fotinin {Int+4 Dex+2} (You took it off a deep elf summoner on level 3 of the Elven Halls)
 10305 | Elf:3    | Killed a deep elf annihilator
 10405 | Elf:3    | Killed a deep elf master archer
 10405 | Elf:3    | Received a gift from Trog
 10405 | Elf:3    | Reached XP level 15. HP: 92/95 MP: 18/21
 10435 | Elf:3    | Noticed a deep elf annihilator
 10468 | Elf:3    | Killed a deep elf blademaster
 10473 | Elf:3    | Killed a deep elf annihilator
 10566 | Elf:3    | Noticed a deep elf demonologist
 10712 | Elf:3    | Noticed a deep elf sorcerer
 10725 | Elf:3    | Killed a deep elf sorcerer
 10725 | Elf:3    | Reached skill level 13 in Dodging
 10790 | Elf:3    | Identified a scroll of acquirement
 10791 | Elf:3    | Got a smoking buckler
 10805 | Elf:3    | Identified the +0 buckler "Tanimp" {Int+7} (You acquired it on level 3 of the Elven Halls)
 10952 | Elf:3    | Killed a deep elf demonologist
 10984 | Elf:3    | Got a transparent lapis lazuli ring
 10986 | Elf:3    | Identified the ring of Juf Cein {rPois EV+5} (You took it off a deep elf high priest on level 3 of the Elven Halls)
 11080 | Elf:3    | Identified the Almanac of Conjuration
 11127 | Elf:3    | Identified Sif Muna's Compendium of Cold (You found it on level 3 of the Elven Halls)
 11206 | Elf:3    | Identified Yfuash's Disquisition on the Traveller (You found it on level 3 of the Elven Halls)
 11492 | Elf:1    | Found Tottack's Magic Scroll Shoppe.
 11634 | Elf:1    | Noticed a deep elf demonologist
 11675 | Elf:1    | Cast into the Abyss (a deep elf demonologist)
 11779 | Abyss:1  | Noticed an Executioner
 11908 | Abyss:1  | Noticed a tentacled starspawn
 11935 | Abyss:1  | Killed a tentacled starspawn
 11936 | Abyss:1  | Noticed a tentacled starspawn
 11957 | Abyss:1  | Killed a tentacled starspawn
 11989 | Abyss:1  | Killed an Executioner
 12037 | Abyss:3  | Found a corrupted altar of Lugonu.
 12139 | Abyss:4  | Gained mutation: You tend to lose your temper in combat. [a neqoxec]
 12203 | Abyss:4  | Reached skill level 14 in Dodging
 12255 | Abyss:4  | Got an abyssal rune of Zot
 12306 | Abyss:4  | Found a corrupted altar of Lugonu.
 12311 | Elf:1    | Escaped the Abyss
 12316 | Elf:1    | Killed a deep elf demonologist
 12705 | D:11     | Killed an orc knight
 12705 | D:11     | Reached skill level 1 in Spellcasting
 12797 | Temple   | Entered the Ecumenical Temple
 12809 | Temple   | Fell from the grace of Trog
 12809 | Temple   | Became a worshipper of Cheibriados the Contemplative
 12823 | Temple   | Learned a level 1 spell: Apportation
 12830 | Temple   | Learned a level 6 spell: Statue Form
 12833 | Temple   | Learned a level 2 spell: Stoneskin
 12837 | Temple   | Learned a level 3 spell: Regeneration
 12841 | Temple   | Learned a level 3 spell: Spectral Weapon
 12875 | Lair:1   | Entered Level 1 of the Lair of Beasts
 12904 | Lair:1   | Reached XP level 16. HP: 100/100 MP: 22/22
 12958 | Lair:1   | Found a frozen archway.
 12960 | Lair:1   | Reached skill level 1 in Invocations
 13005 | IceCv    | Entered an ice cave
 13218 | IceCv    | Acquired Cheibriados's first power
 13489 | Lair:1   | Noticed Pikaro's ghost (powerful DrTm)
 13510 | Lair:1   | Killed Pikaro's ghost
 13658 | Lair:2   | Reached skill level 1 in Translocations
 13658 | Lair:2   | Reached skill level 1 in Transmutations
 13825 | Lair:3   | Reached skill level 1 in Charms
 13857 | Lair:3   | Reached skill level 1 in Earth Magic
 13921 | Lair:3   | Reached skill level 1 in Necromancy
 13937 | Lair:3   | Learned a level 3 spell: Conjure Flame
 13997 | Lair:4   | Found a labyrinth entrance.
 14011 | Lab      | Entered a labyrinth
 14178 | Lair:4   | Acquired Cheibriados's second power
 14328 | Lair:4   | Reached skill level 5 in Spellcasting
 14408 | Lair:5   | Found a staircase to the Shoals.
 14419 | Lair:5   | Acquired Cheibriados's third power
 14819 | Lair:7   | Acquired Cheibriados's fourth power
 15000 | Lair:8   | Entered Level 8 of the Lair of Beasts
 15179 | Lair:8   | Reached skill level 5 in Invocations
 15181 | Lair:8   | Reached skill level 5 in Transmutations
 15198 | Lair:8   | Learned a level 5 spell: Phase Shift
 15719 | Lair:7   | Reached XP level 17. HP: 99/105 MP: 28/28
 15727 | Lair:7   | Found a staircase to the Slime Pits.
 16065 | Shoals:1 | Entered Level 1 of the Shoals
 16135 | Shoals:1 | Reached skill level 5 in Earth Magic
 16160 | Shoals:1 | Was forgiven by Trog
 16564 | Shoals:4 | Entered Level 4 of the Shoals
 16581 | Shoals:4 | Noticed Ilsuiw
 16778 | Shoals:4 | Learned a level 8 spell: Death's Door
 16810 | Shoals:4 | Found Kaveth's Antique Weapon Emporium.
 16836 | Shoals:4 | Found Okliheutto's Jewellery Shop.
 16875 | Shoals:4 | Identified a +0 rod of the swarm (11/11) (You took it off a minotaur in a labyrinth)
 16892 | Shoals:4 | Upgraded the game from 0.17-a0-1914-gde4187c to 0.17-a0-1920-gafa4d75
 16892 | Shoals:4 | Bought an uncursed amulet of regeneration for 510 gold pieces
 16892 | Shoals:4 | Bought an uncursed amulet of resist mutation for 680 gold pieces
 17069 | Shoals:4 | Killed Ilsuiw
 17077 | Shoals:4 | Got a barnacled rune of Zot
 17169 | Shoals:2 | Found Qadd's Book Boutique.
 17434 | Lair:5   | Reached skill level 10 in Spellcasting
 17446 | Lair:5   | Found a hole to the Spider Nest.
 17460 | Spider:1 | Entered Level 1 of the Spider Nest
 17498 | Spider:1 | Reached XP level 18. HP: 111/111 MP: 33/33
 17645 | Spider:2 | Noticed Nikola
 17695 | Spider:2 | Killed Nikola
 17695 | Spider:2 | Reached skill level 10 in Transmutations
 17736 | Spider:1 | Got a pitted blowgun
 17737 | Spider:1 | Identified the +7 blowgun "Qun Ver" {speed, +Inv rElec rF+} (You found it on level 1 of the Spider Nest)
 17934 | Spider:3 | Reached skill level 1 in Stealth
 18030 | Spider:4 | Entered Level 4 of the Spider Nest
 18409 | Spider:4 | Got a gossamer rune of Zot
 18505 | Spider:4 | Noticed Aizul
 18521 | Spider:4 | Killed Aizul
 18745 | Slime:1  | Entered Level 1 of the Pits of Slime
 18901 | Slime:3  | Gained mutation: You are weak. (Str -2) [a shining eye]
 18929 | Slime:3  | Reached skill level 5 in Stealth
 19002 | Slime:6  | Entered Level 6 of the Pits of Slime
 19117 | Slime:6  | Reached XP level 19. HP: 101/115 MP: 34/36
 19119 | Slime:6  | Found a viscous altar of Jiyva.
 19139 | Slime:6  | Reached skill level 15 in Dodging
 19344 | Slime:6  | Noticed the royal jelly
 19350 | Slime:6  | your royal jelly (ally) was killed
 19351 | Slime:6  | Killed the royal jelly
 19351 | Slime:6  | Reached skill level 10 in Invocations
 19389 | Slime:6  | Identified a +5 rod of clouds (13/13) (You found it on level 6 of the Pits of Slime)
 19396 | Slime:6  | Got a slimy rune of Zot
 19399 | Slime:6  | Lost mutation: You are frail (-10% HP). [potion of beneficial mutation]
 19400 | Slime:6  | Got a pair of faintly glowing gloves
 19401 | Slime:6  | Identified the cursed +0 pair of gloves of Fecedgh {rN+} (You found it on level 6 of the Pits of Slime)
 19475 | Slime:6  | Identified Woug's Guide on Feathery Combat Magic (You found it on level 6 of the Pits of Slime)
 19701 | Lair:3   | Got a faintly glowing scale mail
 19748 | Lair:1   | Identified the +5 scale mail of the Guild-Master {Slay+3} (You found it on level 3 of the Lair of Beasts)
 19812 | D:8      | You fall through a shaft for 3 floors!
 19822 | D:11     | Killed a white ugly thing
 19968 | D:14     | Found a gate to the Vaults.
 19980 | Vaults:1 | Entered Level 1 of the Vaults
 20186 | Vaults:1 | Noticed Asterion
 20196 | Vaults:1 | Killed Asterion
 20479 | Vaults:1 | Reached skill level 16 in Dodging
 20639 | Vaults:3 | Gained mutation: You occasionally shout uncontrollably at your foes. [a neqoxec]
 20657 | Vaults:3 | Reached skill level 10 in Stealth
 20856 | Vaults:4 | Got an agate-encrusted scale mail
 20915 | Vaults:4 | Reached XP level 20. HP: 135/135 MP: 38/38
 20981 | Vaults:4 | Found Taovog's Distillery.
 20988 | Vaults:4 | Bought a potion of curing for 54 gold pieces
 20988 | Vaults:4 | Bought a potion of heal wounds for 90 gold pieces
 20988 | Vaults:4 | Bought a potion of curing for 54 gold pieces
 20988 | Vaults:4 | Bought a potion of might for 72 gold pieces
 21006 | Vaults:5 | Entered Level 5 of the Vaults
 21084 | Vaults:5 | Reached skill level 17 in Dodging
 21144 | Vaults:5 | Noticed an ancient lich
 21335 | Vaults:5 | Got an uncursed fine trident {antimagic}
 21379 | Vaults:5 | Identified the +4 trident "Nabrer" {antimagic, Str+4} (You took it off a yaktaur captain on level 5 of the Vaults)
 21388 | Vaults:5 | Got a silver rune of Zot
 21468 | Vaults:5 | Noticed a golden dragon
 21474 | Vaults:5 | Killed a golden dragon
 21537 | Vaults:5 | Identified the +0 scale mail of the Sun {rC+} (You found it on level 4 of the Vaults)
 21595 | Vaults:5 | Reached XP level 21. HP: 140/140 MP: 39/39
 21655 | Vaults:5 | Noticed a golden dragon
 21667 | Vaults:5 | Killed a golden dragon
 21667 | Vaults:5 | Reached skill level 18 in Dodging
 21739 | Vaults:5 | Reached skill level 15 in Stealth
 21749 | Vaults:5 | Killed an ancient lich
 21760 | Vaults:5 | Got a scorched platinum amulet
 21766 | Vaults:5 | Identified the amulet of Ivarhesm {Gourm rPois SInv} (You took it off a vault sentinel on level 5 of the Vaults)
 21810 | Vaults:5 | Lost mutation: You are weak. (Str -2) [mutagenic glow]
 21852 | Vaults:5 | Gained mutation: You are very dopey. (Int -4) [mutagenic glow]
 22031 | Vaults:5 | Reached skill level 19 in Stealth
 22271 | Vaults:4 | no tele
 22326 | Vaults:3 | Found Caomerghu's Armour Shop.
 22426 | Vaults:3 | Gained mutation: You can spit weak poison. [potion of beneficial mutation]
 22446 | Vaults:3 | Found a staircase to the Crypt.
 22449 | Crypt:1  | Entered Level 1 of the Crypt
 22522 | Crypt:1  | Reached skill level 20 in Stealth
 22760 | Crypt:2  | Got a warped morningstar
 22765 | Crypt:2  | Identified the cursed +3 morningstar "Fosexad" {freeze, +Blink Str+4 Dex+8} (You found it on level 2 of the Crypt)
 22777 | Crypt:2  | Noticed Khufu
 22777 | Crypt:2  | Noticed a greater mummy
 22777 | Crypt:2  | Noticed a greater mummy
 22784 | Crypt:2  | Noticed a greater mummy
 22786 | Crypt:2  | Killed a greater mummy
 22795 | Crypt:2  | Killed a greater mummy
 22801 | Crypt:2  | Killed a greater mummy
 22818 | Crypt:2  | Killed Khufu
 22818 | Crypt:2  | Reached XP level 22. HP: 44/148 MP: 35/40
 22868 | Crypt:2  | Noticed Mennas
 22921 | Crypt:2  | Killed Mennas
 22977 | Crypt:3  | Entered Level 3 of the Crypt
 23122 | Crypt:3  | Reached XP level 23. HP: 154/157 MP: 41/41
 23155 | Crypt:3  | Reached skill level 15 in Invocations
 23319 | Crypt:3  | Found a staircase to the Tomb.
 23346 | Tomb:1   | Entered Level 1 of the Tomb of the Ancients
 23542 | Tomb:1   | Noticed a greater mummy
 23552 | Tomb:1   | Killed a greater mummy
 23554 | Tomb:1   | Noticed a greater mummy
 23574 | Tomb:1   | Killed a greater mummy
 23635 | Tomb:1   | Noticed ololoev's ghost (mighty DDGl)
 23672 | Tomb:1   | Killed ololoev's ghost
 23729 | Tomb:2   | Noticed Frederick
 23732 | Tomb:2   | Noticed an ancient lich
 23732 | Tomb:2   | Noticed a greater mummy
 23733 | Tomb:2   | Noticed a greater mummy
 23797 | Tomb:2   | Cast into the Abyss (the power of Zot)
 23810 | Tomb:2   | Escaped the Abyss
 23824 | Tomb:2   | Killed a greater mummy
 23868 | Tomb:2   | Killed Frederick
 23965 | Tomb:2   | Killed an ancient lich
 24030 | Tomb:2   | Reached skill level 15 in Fighting
 24042 | Tomb:2   | Demolished by a reaper

Vault maps used:
D:1:      saegor_arrival_simple_f, serial_forest, infiniplex_forest_straight_4,
          infiniplex_forest_clump_C, infiniplex_forest_lined_room_2,
          infiniplex_forest_corner_1, infiniplex_forest_end_1,
          infiniplex_forest_clump_small, minivault_24
D:2:      kennysheep_goblin_castle, first_bread
D:3:      nicolae_overflow_hidden_temple, grunt_ministairs_13
D:4:      overflow_temple_1_default, serial_shops, nicolae_shop_statue_plus,
          minmay_box_of_dots
D:5:      lemuel_crystal_altar, cheibrodos_worm_habitat
D:6:      lemuel_slime, lemuel_crystal_altar, kennysheep_mini_moat,
          portal_sewer_entry_c, enter_ossuary_2, yredelemnul_altar_generic
D:7:      kennysheep_mini, minmay_temple_entry_statues, uniq_pikel
D:8:      lair_0_dummy, the_bakery, grunt_dithmenos_smoke
D:9:      lemuel_zombie_altar_kikubaaqudgha, serial_shops, nicolae_shop_stone,
          spider_trap
D:11:     zombieorc1_lemuel, nicolae_trove_entry_columns, uniq_maud
D:12:     amalloy_card_club, uniq_rupert, uniq_kirke
D:14:     hangedman_vaults_entry_quadrant_bands, serial_ice, serial_ice_m,
          serial_ice_e, serial_ice_j, serial_ice_o
D:15:     grunt_enter_depths_hoard, serial_bayou_ford_a
Temple:   circular_temple_12
Lair:1:   portal_ice_cave_entry_ice_beasts, grunt_megastairs_2,
          serial_bayou_shore_b
Lair:4:   lab_entry_generic, lemuel_centaur_altar, lemuel_fruit_fields,
          grunt_megastairs_3
Lair:5:   minmay_shoals_entry_beasts, nicolae_spider_entry_tight_spaces,
          dpeg_stationary_puzzle
Lair:6:   serial_bayou_pond_d, st_stairs_12
Lair:7:   nicolae_slime_entry_slimehenge, grunt_forest_small_clearing_treed,
          lemuel_fruit_tree
Lair:8:   minmay_lair_end_enchanted_forest
Shoals:1: nicolae_shoals_undead_eyrie
Shoals:2: serial_shops, shop, nicolae_shop_trees, shop_statue,
          nicolae_shoals_arrival_archipelago
Shoals:3: st_shoals_ruin
Shoals:4: serial_shops, shop, nicolae_shop_temple_entry_statues_fountains,
          shoals_end_hangedman, shoals_ilsuiw_alternative
Spider:1: nicolae_spider_circle_web, spiders_nest_wasp_nest
Spider:2: uniq_nikola
Spider:4: spider_rune_water, uniq_aizul
Slime:2:  nicolae_slime_welcoming_committee
Slime:3:  nicolae_slime_phagocytosis, uniq_dissolution
Slime:4:  basic_altar, cheibrodos_slime_lost_civilization_4
Slime:5:  nicolae_slime_barrier
Orc:2:    serial_shops, shop
Orc:3:    special_room, nicolae_orc_pool_cavern, elf_legates, uniq_urug,
          uniq_harold
Orc:4:    grunt_orc_cross, minmay_orc_keep
Elf:1:    eino_elf_arrival_customs, serial_shops, nicolae_shop_statue_plus,
          minmay_elf_sorcery, uniq_louise
Elf:2:    serial_shops, bzr_entry_gold, basic_stair_grate_trap
Elf:3:    nooodl_elf_gasket
Vaults:1: nicolae_vaults_circle_grid_b, hangedman_vaults_capsules,
          nicolae_vaults_sealed_display, nicolae_vaults_big_ls,
          hangedman_vaults_corner, hangedman_vaults_stretched_pinwheel,
          vaults_standard_mumra_enter_the_diamond, uniq_asterion
Vaults:2: v_pattern_3, hangedman_vaults_slice, vaults_room_fours,
          vaults_mumra_minichess, v_misc_23, v_rooms_1, vaults_dpeg_diagonal,
          nicolae_vaults_rhombus_7, uniq_donald, uniq_boris
Vaults:3: v_misc_19, minmay_crypt_entry_simple_box, nicolae_vaults_theta,
          hangedman_vaults_stretched_pinwheel, dpeg_vaults_monster_row,
          nicolae_vaults_mini_display_case, vaults_mumra_minichess_inversion,
          vaults_standard_mumra_enter_the_diamond, ontoclasm_vaults_twist,
          v_misc_14, ontoclasm_vaults_bender, v_pattern_4,
          hangedman_vaults_river_flow, ontoclasm_vaults_ligature,
          nicolae_vaults_theta, serial_shops, nicolae_shop_statue_plus
Vaults:4: ontoclasm_vaults_tryst, hangedman_vaults_restitches,
          nicolae_vaults_ninety_degrees, ontoclasm_vaults_ring_square,
          ontoclasm_vaults_pinch, nicolae_vaults_little_squares_6,
          hangedman_vaults_nodes, ontoclasm_vaults_loading_screen, serial_ice_h,
          vaults_standard_mumra_enter_the_diamond, v_misc_4, v_rooms_3,
          vaults_room_stairs_pillars, serial_shops, nicolae_shop_trees,
          uniq_wiglaf
Crypt:1:  grunt_crypt_arrival_guarded_gate, uniq_margery
Crypt:2:  uniq_mennas, uniq_khufu
Crypt:3:  lightli_unholy_cathedral
Tomb:2:   uniq_frederick
Abyss:2:  evilmike_abyss_exit_6
Abyss:3:  evilmike_abyss_exit_mutagenic, kilobyte_mutagenic_chamber,
          kb_abyss_rune_zappy
Abyss:4:  evilmike_abyss_rune_siren, guppyfry_abyss_exit_glass_guarded
Lab:      labyrinth_watery, nicolae_lab_very_dead_end,
          labyrinth_skeletal_remains, nicolae_lab_swirl, lab_fountain,
          nicolae_lab_t_cross, nicolae_lab_starburst, lab_block
Bazaar:   bazaar_long_row
Sewer:    sewer_co_15_rooms
Ossuary:  ossuary_minmay_tomb_2a
IceCv:    ice_cave_tombish

Action                   |  1- 3 |  4- 6 |  7- 9 | 10-12 | 13-15 | 16-18 | 19-21 | 22-24 || total
-------------------------+-------+-------+-------+-------+-------+-------+-------+-------++-------
Melee: Hand axe          |    83 |   141 |   129 |       |       |       |       |       ||   353
       Whip              |       |       |   115 |     3 |       |       |       |       ||   118
       Great mace        |       |       |     5 |       |       |       |       |       ||     5
       Demon trident     |       |       |       |   813 |   582 |  2005 |  1287 |   578 ||  5265
       Trident           |       |       |       |       |   454 |   219 |       |       ||   673
 Fire: Blowgun           |       |       |     9 |    18 |       |       |       |       ||    27
Throw: Throwing net      |       |       |       |       |     2 |       |       |       ||     2
 Cast: Statue Form       |       |       |       |       |       |    31 |    55 |    23 ||   109
       Apportation       |       |       |       |       |       |    33 |    53 |    15 ||   101
       Regeneration      |       |       |       |       |       |    27 |    56 |    41 ||   124
       Stoneskin         |       |       |       |       |       |    18 |    31 |     4 ||    53
       Spectral Weapon   |       |       |       |       |       |     1 |       |       ||     1
       Phase Shift       |       |       |       |       |       |       |     5 |     1 ||     6
Invok: Berserk           |     4 |     3 |    10 |    11 |    10 |       |       |       ||    38
       Trog's Hand       |       |       |     2 |     7 |    21 |       |       |       ||    30
       Brothers in Arms  |       |       |       |     4 |     8 |       |       |       ||    12
       Bend Time         |       |       |       |       |       |     1 |       |       ||     1
       Slouch            |       |       |       |       |       |     5 |     9 |     7 ||    21
       Temporal Distorti |       |       |       |       |       |     2 |     7 |     2 ||    11
 Abil: Evoke Invisibilit |       |       |       |       |     4 |     2 |       |       ||     6
       Turn Visible      |       |       |       |       |     3 |       |       |       ||     3
       End Transformatio |       |       |       |       |       |     1 |       |       ||     1
Evoke: Wand              |       |       |     2 |     4 |     3 |    18 |     4 |     2 ||    33
       Deck              |       |       |       |       |     3 |       |       |       ||     3
       Rod               |       |       |       |       |       |     2 |       |       ||     2
       Box of beasts     |       |       |       |       |       |       |     1 |       ||     1
       Phantom mirror    |       |       |       |       |       |       |     1 |       ||     1
  Use: Scroll            |       |    11 |    11 |     7 |    25 |    19 |    15 |     6 ||    94
       Potion            |       |       |     5 |       |     6 |    10 |     6 |     1 ||    28
 Stab: Sleeping          |       |     2 |     3 |    15 |     6 |    25 |    11 |       ||    62
       Distracted        |       |       |     1 |     3 |     3 |    13 |     5 |     1 ||    26
       Held in net/web   |       |       |       |       |     1 |       |       |       ||     1
       Invisible         |       |       |       |       |    13 |     4 |       |       ||    17
       Paralysed         |       |       |       |       |       |     7 |       |       ||     7
  Eat: Chunk             |     3 |     3 |    13 |    35 |    45 |    36 |     6 |     1 ||   142
       Beef jerky        |       |     2 |       |       |       |     1 |     1 |     2 ||     6
       Bread ration      |       |       |     1 |       |       |       |       |     2 ||     3
       Pizza             |       |       |       |     1 |       |       |     1 |       ||     2
       Royal jelly       |       |       |       |       |     1 |       |     2 |       ||     3
       Fruit             |       |       |       |       |       |     5 |     9 |       ||    14
